 Dungeon Sprint DCSS version bcrawl-1.26.1 (webtiles) character file.

Game seed: 8173375086040468322

441199 Freyura the Skirmisher (level 5, -9/53 HPs)
             Began as a Hill Orc Fighter on July 2, 2020.
             Was an Initiate of Beogh.
             Mangled by a cyclops (23 damage)
             ... in the Dungeon (Sprint IX: "|||||||||||||||||||||||||||||").
             The game lasted 00:04:05 (304 turns).

Freyura the Skirmisher (Hill Orc Fighter)            Turns: 304, Time: 00:04:06

Health: -9/53      AC: 10    Str: 22    XL:     5   Next: 83%
Magic:  5/7        EV:  6    Int:  8    God:    Beogh [......]
Gold:   0          SH: 12    Dex: 11    Spells: 4/4 levels left

rFire    . . .     SeeInvis .   u - +2 scimitar (holy)
rCold    . . .     Gourm    .   c - +0 medium shield
rNeg     . . .     Faith    .   x - +1 scale mail
rPois    .         Spirit   .   (no helmet)
rElec    .         Reflect  .   (no cloak)
rCorr    .         Harm     .   v - +0 pair of gloves
MR       .....     NoTele   +   (no boots)
Stlth    ..........             (no amulet)
HPRegen  0.17/turn              z - +3 ring of strength
MPRegen  0.10/turn              (no ring)

@: very slightly contaminated, invisible (expiring)
A: no striking features
a: Renounce Religion


You were in the Dungeon.
You worshipped Beogh.
Beogh was noncommittal.
You were not hungry.

You visited 1 branch

Inventory:

Hand Weapons
 p - a +1 broad axe of distortion
 q - a +2 dire flail of crushing
 r - a +2 antimagic halberd
 s - a +4 quarterstaff of speed
 t - a +2 rapier of distortion
 u - a +2 scimitar of holy wrath (weapon)
Armour
 b - a +0 scale mail
 c - a +0 medium shield (worn)
 v - a +0 pair of gloves (worn)
 x - a +1 scale mail (worn)
Jewellery
 z - a +3 ring of strength (left hand)
Wands
 o - a wand of iceblast (10)
Scrolls
 k - 2 scrolls of blinking
 m - 3 scrolls of remove curse
 n - 2 scrolls of amnesia
Potions
 f - 5 potions of curing
 g - 2 potions of heal wounds
 h - a potion of haste
 i - 4 potions of magic
 j - a potion of berserk rage
Comestibles
 e - a ration {!d}


   Skills:
 * Level 7.8 Fighting
   Level 7.8 Short Blades
   Level 7.8 Long Blades
   Level 7.8 Axes
   Level 7.8 Maces & Flails
   Level 7.8 Polearms
   Level 7.8 Staves
 + Level 6.9 Armour
 + Level 6.9 Shields
   Level 7.8 Unarmed Combat
 + Level 3.6 Invocations


You had 4 spell levels left.
You didn't know any spells.
Your spell library was empty.

Dungeon Overview and Level Annotations

Branches:
Dungeon (1/1)

Altars:
Cheibriados
Dithmenos
Elyvilon
Fedhas
Gozag
Hepliaklqana
Kikubaaqudgha
Lugonu
Makhleb
Nemelex Xobeh
Okawaru
Qazlal
Ru
Sif Muna
Trog
Uskayaw
Vehumet
Wu Jian
Xom
Yredelemnul
Zin
The Shining One
Beogh
Jiyva


Message History

You slash the cyclops!
The cyclops is moderately wounded.
You flicker for a moment.
You feel much better.
The howler monkey howls!
You block the cyclops's attack.
You slash the cyclops!
The cyclops is heavily wounded.
The howler monkey howls!
The cyclops hits you.
You slash the cyclops!
The cyclops is heavily wounded.
The howler monkey howls!
The cyclops hits you!
* * * LOW HITPOINT WARNING * * *
You slash the cyclops!
The cyclops is almost dead.
The howler monkey howls!
The cyclops hits you!!
You die... ▓▓▓▓▓▓▓▓▓▓▓▓▓▓▓▓▓▓▓▓▓▓ +Z5hC@)'.)....|..'____ ▓▓▓▓▓▓▓▓▓▓▓▓▓▓▓▓▓▓▓▓▓▓

You could see a cyclops, a howler monkey (wandering), a shadow imp and a bat skeleton (wandering).

Vanquished Creatures
  An orc warrior (D)
  A scorpion (D)
  An iguana (D)
  A worker ant (D)
  A gnoll (D)
  A worm (D)
  A bat zombie (D)
  A giant cockroach (D)
  A hobgoblin (D)
  A frilled lizard (D)
  A rat (D)
11 creatures vanquished.

Vanquished Creatures (others)
  A shadow (D)
1 creature vanquished.

Grand Total: 12 creatures vanquished

Notes
Turn   | Place    | Note
-------+----------+-------------------------------------------
     0 | D        | Freyura the Hill Orc Fighter began the quest for the Orb.
     0 | D        | Reached XP level 1. HP: 20/20 MP: 1/1
    17 | D        | Reached XP level 2. HP: 24/28 MP: 2/2
    36 | D        | Noticed a scorpion
    42 | D        | Reached skill level 5 in Fighting
    42 | D        | Reached XP level 3. HP: 15/36 MP: 3/3
    43 | D        | Reached skill level 6 in Fighting
    43 | D        | Reached skill level 5 in Armour
    43 | D        | Reached skill level 5 in Shields
    44 | D        | Reached XP level 4. HP: 19/44 MP: 4/4
   163 | D        | Found a roughly hewn altar of Beogh.
   163 | D        | Found a snail-covered altar of Cheibriados.
   163 | D        | Found a shadowy altar of Dithmenos.
   163 | D        | Found a white marble altar of Elyvilon.
   163 | D        | Found a blossoming altar of Fedhas.
   163 | D        | Found an opulent altar of Gozag.
   164 | D        | Found a hazy altar of Hepliaklqana.
   165 | D        | Found a viscous altar of Jiyva.
   166 | D        | Found an ancient bone altar of Kikubaaqudgha.
   167 | D        | Found a corrupted altar of Lugonu.
   168 | D        | Found a burning altar of Makhleb.
   169 | D        | Found a sparkling altar of Nemelex Xobeh.
   170 | D        | Found an iron altar of Okawaru.
   171 | D        | Found a stormy altar of Qazlal.
   172 | D        | Found a sacrificial altar of Ru.
   173 | D        | Found a shimmering blue altar of Sif Muna.
   174 | D        | Found a bloodstained altar of Trog.
   175 | D        | Found a hide-covered altar of Uskayaw.
   176 | D        | Found a radiant altar of Vehumet.
   177 | D        | Found an ornate altar of the Wu Jian Council.
   178 | D        | Found a shimmering altar of Xom.
   179 | D        | Found a basalt altar of Yredelemnul.
   180 | D        | Found a glowing silver altar of Zin.
   181 | D        | Found a glowing golden altar of the Shining One.
   220 | D        | Became a worshipper of Beogh the Brigand
   287 | D        | Noticed a cyclops
   287 | D        | Noticed a shadow
   287 | D        | Noticed an orc warrior
   294 | D        | Killed an orc warrior
   294 | D        | Reached skill level 7 in Fighting
   294 | D        | Reached XP level 5. HP: 23/53 MP: 4/7
   295 | D        | Killed a shadow
   304 | D        | Mangled by a cyclops

Skill      XL: |  1  2  3  4 |
---------------+-------------+-----
Fighting       | 5 6 7 |  7.8
Armour         | 4 5 6 |  6.9
Shields        | 4 5 6 |  6.9
Invocations    | 3 |  3.6
Short Blades   | |  7.8
Long Blades    | |  7.8
Axes           | |  7.8
Maces & Flails | |  7.8
Polearms       | |  7.8
Staves         | |  7.8
Unarmed Combat | |  7.8

Action                   |  1- 3 |  4- 6 || total
-------------------------+-------+-------++-------
Melee: Flail             |    21 |     6 ||    27
       Scimitar          |       |    13 ||    13
  Use: Potion            |     1 |     2 ||     3
 Stab: Invisible         |       |     1 ||     1
Armor: Scale mail        |     3 |     4 ||     7
Dodge: Dodged            |     5 |     3 ||     8
Block: Medium shield     |     4 |     8 ||    12
